 Dungeon Sprint DCSS version 0.29-a0-384-g6960b1960d (webtiles) character file.

Game seed: 2563294278036944740

22197 mhtbhm the Shatterer (level 12, -6/141 HPs)
             Began as a Troll Berserker on May 7, 2022.
             Was the Champion of Trog.
             Shot with an arrow by a deep elf master archer (40 damage)
             ... in the Dungeon (Sprint VII: "The Pits").
             The game lasted 00:06:08 (2240 turns).

mhtbhm the Shatterer (Troll Berserker)              Turns: 2240, Time: 00:06:08

Health: -6/141     AC:  5    Str: 32    XL:     12   Next: 60%
Magic:  11/11      EV: 13    Int:  6    God:    Trog [******]
Gold:   34         SH:  0    Dex:  9    Spells: 11/11 levels left

rFire   + + +      SeeInvis .   a - +7 great mace "Firestarter" {inner flame, rF++}
rCold   x . .      Faith    .   (shield currently unavailable)
rNeg    . . .      Spirit   .   b - +0 animal skin
rPois   +          Reflect  .   (helmet restricted)
rElec   .          Harm     .   h - +0 cloak {rPois}
rCorr   .          Rampage  .   (gloves unavailable)
Will    .....      NoTele   +   (boots unavailable)
Stlth   ++........              (no amulet)
HPRegen 1.13/turn               k - +3 ring of intelligence
MPRegen 0.12/turn               v - ring of fire

@: no status effects
A: large, unfitting armour, claws 3, regeneration 1, shaggy fur 1, tough skin 1
a: Renounce Religion, Berserk, Trog's Hand, Brothers in Arms


You were in the Dungeon.
You worshipped Trog.
Trog was exalted by your worship.
You visited 1 branch You collected 34 gold pieces.

Inventory:

Hand Weapons
 a - the +7 great mace "Firestarter" (weapon) {inner flame, rF++}
   (Trog gifted it to you in the Dungeon)

   It burns those it strikes, dealing additional fire damage.
   It fills those it strikes with an explosive inner flame.
   It grants immunity to clouds of flame.
   rF:        It greatly protects you from fire.
Missiles
 o - a curare-tipped dart (quivered)
Armour
 b - a +0 animal skin (worn)
 h - a +0 cloak of poison resistance (worn)
Jewellery
 k - a +3 ring of intelligence (left claw)
 l - a +3 ring of intelligence
 t - a ring of ice
 v - a ring of fire (right claw)
Scrolls
 j - a scroll of summoning
 p - 9 scrolls of enchant armour
 q - a scroll of identify
 s - 5 scrolls of fear
 u - a scroll of silence
Potions
 c - 12 potions of curing
 d - 10 potions of heal wounds
 e - 4 potions of haste
 f - 4 potions of magic
 g - 4 potions of berserk rage
 i - 3 potions of invisibility
 n - 2 potions of mutation
 r - a potion of might
Miscellaneous
 m - a phial of floods


   Skills:
 + Level 15.0 Fighting
 + Level 22.2 Maces & Flails
 + Level 11.6 Dodging
 + Level 3.3 Stealth


You had 11 spell levels left.
You didn't know any spells.
Your spell library was empty.

Dungeon Overview and Level Annotations

Branches:
Dungeon (1/1)

Altars:
Gozag
Hepliaklqana
Sif Muna
Trog
Jiyva


Innate Abilities, Weirdness & Mutations

You are too large for most types of armour.
You have claws for hands.
Your natural rate of healing is unusually fast.
You are covered in fur. (AC +1)
You have tough skin. (AC +1)


Message History

No target in view!
No target in view!
No target in view!
No target in view!
No target in view!
No target in view!
No target in view!
Unknown command.
You start resting.
A deep elf master archer comes into view.
The deep elf master archer hits you!
You barely miss the deep elf master archer.
The deep elf master archer wields a +0 longbow.
The deep elf master archer shoots an arrow.
The arrow hits you!!
You are too injured to fight recklessly!
You are too injured to fight recklessly!
You are too injured to fight recklessly!
You are too injured to fight recklessly!
You are too injured to fight recklessly!
You are too injured to fight recklessly!
You are too injured to fight recklessly!
You are too injured to fight recklessly!
You are too injured to fight recklessly!
You are too injured to fight recklessly!
You are too injured to fight recklessly!
You are too injured to fight recklessly!
You miss the deep elf master archer.
The deep elf master archer shoots an arrow.
The arrow hits you!!
* * * LOW HITPOINT WARNING * * *
The deep elf master archer shoots an arrow.
The arrow hits you!!
* * * LOW HITPOINT WARNING * * *
You hear a bark!
You feel much better.
You hear an angry hiss.
The deep elf master archer shoots an arrow.
The arrow hits you!!!
You die...

#....................'
#..################..# #..# #.#
#..# #..# #G# #..# #..## #R# #..#
#..#†#)# #..# #..##)# #..#
#..#e######### #..#
#######..☼§@........
___.##..§☼.........
__.###########++##
..###########++##########
#########'##................##..#
.?(.))))'.##......#..#......##..#
#########.##................''..#
...........'................''..#
'#####'#####......#..#......##...


You could see a deep elf master archer.

Vanquished Creatures
  A daeva (D)
  A ghost moth (D)
  A green draconian (D)
  A mummy priest (D)
  Erolcha (D)
  2 great orbs of eyes (D)
  A rakshasa (D)
  2 two-headed ogres (D)
  A deep elf knight (D)
  An orc high priest (D)
  A shadow wraith (D)
  A sixfirhy (D)
  A sea snake (D)
  A bog body (D)
  A flayed ghost (D)
  A necromancer (D)
  2 molten gargoyles (D)
  A smoke demon (D)
  A kobold demonologist (D)
  A freezing wraith (D)
  An ice devil (D)
  A red devil (D)
  A tarantella (D)
  A wandering mushroom (D)
  A slime creature (D)
  A culicivora (D)
  2 shadows (D)
  5 yaks (D)
  2 neqoxecs (D)
  A steam dragon (D)
  5 redbacks (D)
  A black bear (D)
  A swamp drake (D)
  A centaur (D)
  3 wolves (D)
  A phantom (D)
  A bullfrog (D)
  A gnoll sergeant (D)
  5 wights (D)
  A quasit (D)
  A gnoll shaman (D)
  2 hounds (D)
  2 orc wizards (D)
  4 gnolls (D)
  2 river rats (D)
  2 ufetubi (D)
  An adder zombie (D)
  A worm (D)
  7 orcs (D)
  A bat skeleton (D)
  An endoplasm (D)
  A giant cockroach (D)
  2 hobgoblins (D)
  3 jackals (D)
  A ball python simulacrum (D)
  A ball python skeleton (D)
  2 ball python zombies (D)
  A bat (D)
  2 giant cockroach zombies (D)
  2 rats (D)
98 creatures vanquished.

Vanquished Creatures (collateral kills)
  An ogre mage (D)
  A hydra (D)
  An anaconda (D)
  A two-headed ogre (D)
  A deep elf pyromancer (D)
  A black mamba (D)
  A rime drake (D)
  A kobold demonologist (D)
  An efreet (D)
  2 slime creatures (D)
  A wyvern (D)
  Eustachio (D)
  3 ogres (D)
  A kobold brigand (D)
  7 wights (D)
  3 killer bees (D)
  2 orc priests (D)
  An orc wizard (D)
  A gnoll (D)
  A worm (D)
  An orc (D)
  A jackal (D)
  A bat (D)
  3 kobolds (D)
38 creatures vanquished.

Vanquished Creatures (others)
  A quasit (D)
1 creature vanquished.

Grand Total: 137 creatures vanquished

Notes
Turn   | Place    | Note
-------+----------+-------------------------------------------
     0 | D        | mhtbhm the Troll Berserker began the quest for the Orb.
     0 | D        | Reached XP level 1. HP: 22/22 MP: 0/0
    53 | D        | Reached skill level 3 in Maces & Flails
    68 | D        | Reached ** piety under Trog
    72 | D        | Reached XP level 2. HP: 29/31 MP: 1/1
    85 | D        | Reached *** piety under Trog
    86 | D        | Reached skill level 4 in Maces & Flails
    90 | D        | Reached XP level 3. HP: 39/39 MP: 2/2
    90 | D        | Reached **** piety under Trog
    96 | D        | Reached skill level 5 in Maces & Flails
    96 | D        | Reached ***** piety under Trog
    97 | D        | Reached XP level 4. HP: 46/49 MP: 3/3
   152 | D        | Noticed a black bear
   182 | D        | Received a gift from Trog
   189 | D        | Killed a black bear
   190 | D        | Reached skill level 5 in Fighting
   190 | D        | Reached skill level 7 in Maces & Flails
   190 | D        | Reached skill level 5 in Dodging
   190 | D        | Reached XP level 5. HP: 40/57 MP: 4/4
   192 | D        | Reached skill level 8 in Maces & Flails
   304 | D        | Noticed a molten gargoyle
   309 | D        | Killed a molten gargoyle
   310 | D        | Reached skill level 10 in Maces & Flails
   310 | D        | Reached XP level 6. HP: 56/67 MP: 5/5
   310 | D        | Reached XP level 7. HP: 62/75 MP: 6/6
   523 | D        | Received a gift from Trog
   642 | D        | Noticed a yak
   642 | D        | Noticed a yak
   642 | D        | Noticed a yak
   642 | D        | Noticed a yak
   642 | D        | Noticed a shadow
   642 | D        | Noticed a yak
   647 | D        | Killed a yak
   648 | D        | Reached skill level 11 in Maces & Flails
   650 | D        | Killed a shadow
   655 | D        | Killed a yak
   656 | D        | Reached skill level 12 in Maces & Flails
   656 | D        | Reached XP level 8. HP: 87/87 MP: 7/7
   658 | D        | Received a gift from Trog
   661 | D        | Reached ****** piety under Trog
   666 | D        | Reached skill level 13 in Maces & Flails
   769 | D        | Found a bloodstained altar of Trog.
   769 | D        | Found a shimmering blue altar of Sif Muna.
   769 | D        | Found a viscous altar of Jiyva.
   769 | D        | Found a hazy altar of Hepliaklqana.
   769 | D        | Found an opulent altar of Gozag.
   791 | D        | Noticed a wandering mushroom
   803 | D        | Killed a wandering mushroom
   804 | D        | Reached XP level 9. HP: 81/96 MP: 8/8
   865 | D        | Received a gift from Trog
   870 | D        | Killed a shadow wraith
   871 | D        | Reached skill level 14 in Maces & Flails
   871 | D        | Reached skill level 1 in Stealth
  1022 | D        | Noticed a flayed ghost
  1023 | D        | Noticed Eustachio
  1023 | D        | Noticed a two-headed ogre
  1026 | D        | Noticed a two-headed ogre
  1027 | D        | Killed a flayed ghost
  1028 | D        | Reached skill level 15 in Maces & Flails
  1031 | D        | Noticed a bog body
  1032 | D        | Noticed an ogre mage
  1039 | D        | Killed a two-headed ogre
  1040 | D        | Reached skill level 10 in Dodging
  1041 | D        | Killed a two-headed ogre
  1042 | D        | Reached skill level 16 in Maces & Flails
  1042 | D        | Reached XP level 10. HP: 109/109 MP: 9/9
  1044 | D        | Killed a bog body
  1045 | D        | Killed an ogre mage
  1045 | D        | Received a gift from Trog
  1046 | D        | Reached skill level 10 in Fighting
  1046 | D        | Reached skill level 17 in Maces & Flails
  1049 | D        | Killed Eustachio
  1081 | D        | Received a gift from Trog
  1194 | D        | Noticed a black mamba
  1195 | D        | Noticed a deep elf pyromancer
  1199 | D        | Reached skill level 18 in Maces & Flails
  1203 | D        | Received a gift from Trog
  1205 | D        | Killed a black mamba
  1210 | D        | Killed a deep elf pyromancer
  1324 | D        | Noticed a seven-headed hydra
  1324 | D        | Noticed an anaconda
  1334 | D        | Reached XP level 11. HP: 120/120 MP: 10/10
  1334 | D        | Killed a seven-headed hydra
  1339 | D        | Reached skill level 19 in Maces & Flails
  1345 | D        | Killed an anaconda
  1345 | D        | Received a gift from Trog
  1398 | D        | Noticed a two-headed ogre
  1405 | D        | Killed a ghost moth
  1427 | D        | Killed a two-headed ogre
  1428 | D        | Reached skill level 20 in Maces & Flails
  1432 | D        | Received a gift from Trog
  1760 | D        | Noticed a sea snake
  1760 | D        | Noticed Erolcha
  1764 | D        | Killed Erolcha
  1767 | D        | Received a gift from Trog
  1770 | D        | Killed a sea snake
  1814 | D        | Noticed an orc high priest
  1827 | D        | Noticed a soul eater
  1828 | D        | Killed an orc high priest
  1863 | D        | Noticed a necromancer
  1873 | D        | Received a gift from Trog
  1876 | D        | Killed a necromancer
  1877 | D        | Reached skill level 21 in Maces & Flails
  1879 | D        | Reached XP level 12. HP: 123/136 MP: 11/11
  1940 | D        | Received a gift from Trog
  1940 | D        | Found the +7 great mace "Firestarter" {inner flame, rF++}
  1996 | D        | Noticed a great orb of eyes
  1996 | D        | Noticed a daeva
  1996 | D        | Noticed a mummy priest
  1996 | D        | Noticed a green draconian
  2003 | D        | Killed a great orb of eyes
  2006 | D        | Killed a daeva
  2006 | D        | Killed a mummy priest
  2006 | D        | Received a gift from Trog
  2010 | D        | Killed a green draconian
  2199 | D        | Noticed a rakshasa
  2199 | D        | Noticed a great orb of eyes
  2209 | D        | Received a gift from Trog
  2210 | D        | Reached skill level 22 in Maces & Flails
  2215 | D        | Killed a rakshasa
  2218 | D        | Killed a great orb of eyes
  2234 | D        | Reached skill level 15 in Fighting
  2236 | D        | Noticed a deep elf master archer
  2240 | D        | Shot with an arrow by a deep elf master archer

Illustrated notes

Levels and vault maps discovered:
D:        pitsprint [storerooms_1, entrance_room_1, metal_vault_4, armoury_1,
          mini_pit_1, grid_room_1, main_hall_1, silver_pit, the_coven_1,
          the_vestibule_1, steel_vault_1, golden_pit, hallway_of_sentries,
          crystal_vault_2, iron_vault_4, final_vault]

Skill      XL: |  1  2  3  4  5  6  7  8  9 10 11 12 |
---------------+-------------------------------------+-----
Maces & Flails | 3 4 5 7 10 12 13 16 18 21 22 | 22.2
Fighting       | 3 4 5 6 7 9 11 13 15 | 15.0
Dodging        | 3 4 5 7 8 9 10 11 | 11.6
Stealth        | 1 2 3 |  3.3

Action                   |  1- 3 |  4- 6 |  7- 9 | 10-12 || total
-------------------------+-------+-------+-------+-------++-------
Melee: Mace              |    29 |    41 |    15 |       ||    85
       Punch             |     1 |       |       |       ||     1
       Great mace        |       |       |    46 |    31 ||    77
       Giant spiked club |       |       |       |    31 ||    31
       Giant club        |       |       |       |    61 ||    61
Invok: Berserk           |     1 |     2 |     4 |     5 ||    12
       Brothers in Arms  |       |       |       |     6 ||     6
  Use: Potion            |       |       |       |     4 ||     4
       Scroll            |       |       |       |     1 ||     1
Armor: Animal skin       |     8 |    27 |    12 |    19 ||    66
Dodge: Dodged            |    13 |    35 |    26 |    57 ||   131

Table legend: (Time is in decaauts)
 A = Elapsed time spent in this place.
 B = Non-inter-level travel time spent in this place.
 C = Inter-level travel time spent in this place.
 D = Time resting spent in this place.
 E = Time spent auto-exploring this place.
 F = Levels seen in this place.
 G = Mean time per level.
                   A        B        C        D        E       F      G
               +--------+--------+--------+--------+--------+-----+--------+
         Total |   2298 |   2298 |      0 |   1254 |     42 |   1 | 2298.0 |
       Dungeon |   2298 |   2298 |      0 |   1254 |     42 |   1 | 2298.0 |
               +--------+--------+--------+--------+--------+-----+--------+

Top non-repeatable levels by time:
       D: 2298 daAuts
